 Dungeon Crawl Stone Soup version 0.22-a0-480-g991dd4b2b4 (webtiles) character file.

927 Oirien the Chopper (level 7, -12/62 HPs)
             Began as a Minotaur Fighter on June 16, 2018.
             Mangled by an orc warrior
             ... wielding a +0 battleaxe
              (13 damage)
             ... in the Ecumenical Temple.
             The game lasted 00:12:22 (3929 turns).

Oirien the Chopper (Minotaur Fighter)               Turns: 3929, Time: 00:12:23

Health: -12/62     AC:  7    Str: 28    XL:     7   Next: 85%
Magic:  6/6        EV: 14    Int:  5    God:
Gold:   232        SH: 11    Dex: 14    Spells: 6/6 levels left

rFire    + + .     SeeInvis .   x - +5 whip
rCold    + . .     Gourm    .   c - +0 shield
rNeg     . . .     Faith    .   b - +0 scale mail
rPois    +         Spirit   .   (helmet restricted)
rElec    +         Reflect  .   (no cloak)
rCorr    +         Harm     .   (no gloves)
MR       .....                  (no boots)
Stlth    +.........             t - amulet of the acrobat
HPRegen  0.20/turn              m - ring of poison resistance
MPRegen  0.10/turn              w - ring of protection from fire

@: mighty, agile, resistant
A: retaliatory headbutt, horns 2
a: no special abilities


You were in the Ecumenical Temple.
You were near starving.

You visited 2 branches of the dungeon, and saw 8 of its levels.

You collected 232 gold pieces.

Inventory:

Hand Weapons
 a - a +0 war axe
 x - a +5 whip (weapon)
Armour
 b - a +0 scale mail (worn)
 c - a +0 shield (worn)
Jewellery
 m - a ring of poison resistance (left hand)
 t - an amulet of the acrobat (around neck)
 w - a ring of protection from fire (right hand)
Wands
 q - a wand of flame (40)
 s - a wand of digging (28)
Scrolls
 e - 4 scrolls of remove curse
 i - 6 scrolls of identify
 k - 2 scrolls of teleportation {unknown}
 o - a scroll of enchant armour {unknown}
 p - a scroll of magic mapping {unknown}
 r - a scroll of blinking {unknown}
 u - a scroll of fear {unknown}
Potions
 d - 3 potions of might
 g - 2 potions of haste
 h - a potion of curing
 v - a potion of berserk rage {unknown}
 A - a potion of resistance
Comestibles
 f - 11 rations
 z - 9 chunks of flesh


   Skills:
 + Level 5.8 Fighting
 + Level 7.1(7.2) Axes
 + Level 1.7(4.8) Maces & Flails
 + Level 5.6 Armour
 - Level 2.3 Dodging
 - Level 0.1 Stealth
 + Level 5.4 Shields


You had 6 spell levels left.
You didn't know any spells.
Your spell library was empty.

Dungeon Overview and Level Annotations

Branches:
Dungeon (7/15)             Temple (1/1) D:7

Altars:
Ashenzari
Dithmenos
Trog
Vehumet


Innate Abilities, Weirdness & Mutations

You reflexively headbutt those who attack you in melee.
You have a pair of horns on your head.


Message History

* * * LOW HITPOINT WARNING * * *
You block the orc's attack.
The orc warrior throws a stone.
The stone closely misses you.
The orc wizard hits you but does no damage.
You climb downwards.
Welcome back to the Ecumenical Temple!
There is a staircase back to the Dungeon here.
It was a potion of magic.
Magic courses through your body. The hungry ghost closely misses you.
The orc hits you with a mace.
* * * LOW HITPOINT WARNING * * *
The orc warrior hits you with a battleaxe!
* * * LOW HITPOINT WARNING * * *
The orc hits you with a club.
* * * LOW HITPOINT WARNING * * *
You block the orc wizard's attack.
It was a potion of agility.
You feel agile all of a sudden. You block the hungry ghost's attack.
The orc barely misses you. You block the orc's attack.
You block the orc wizard's attack.
The orc warrior hits you with a battleaxe!
You die...

♣.....
♣....
♣... ♣♣..
♣..♣♣
♣♣♣♣†.♣
♣♣...[♣♣
♣..o.o.♣♣
♣...@W..♣
♣...oo.♣♣
♣♣♣..♣♣♣
♣♣♣♣


You could see a hungry ghost, an orc warrior, an orc wizard and 2 orcs.

Vanquished Creatures
  A phantom (D:5)
  An ogre (D:4)
  2 scorpions
  A jelly (D:5)
  2 howler monkeys
  A centaur zombie (D:5)
  2 crimson imps
  2 hounds
  A centaur skeleton (D:4)
  An orc wizard (D:7)
  Crazy Yiuf (D:3)
  4 worker ants
  A hound skeleton (D:4)
  8 adders
  A shadow imp (D:5)
  An ooze (D:3)
  2 dart slugs
  A leopard gecko (D:4)
  14 orcs
  9 bats
  7 giant cockroaches
  6 goblins
  11 hobgoblins
  7 jackals
  2 frilled lizards
  10 kobolds
  A leopard gecko skeleton (D:4)
  5 rats
105 creatures vanquished.

Vanquished Creatures (others)
  A worm (D:3)
  3 jackals (D:3)
4 creatures vanquished.

Grand Total: 109 creatures vanquished

Notes
Turn   | Place    | Note
-------+----------+-------------------------------------------
     0 | D:1      | Oirien the Minotaur Fighter began the quest for the Orb.
     0 | D:1      | Reached XP level 1. HP: 19/19 MP: 0/0
   138 | D:1      | Reached XP level 2. HP: 22/27 MP: 1/1
   813 | D:2      | Reached XP level 3. HP: 33/33 MP: 2/2
   931 | D:2      | Reached skill level 3 in Axes
  1190 | D:2      | Reached skill level 1 in Dodging
  1464 | D:3      | Reached XP level 4. HP: 36/40 MP: 3/3
  2041 | D:3      | Found a radiant altar of Vehumet.
  2066 | D:3      | Found a runed door.
  2212 | D:3      | Reached skill level 4 in Axes
  2291 | D:3      | Noticed Crazy Yiuf
  2295 | D:3      | Killed Crazy Yiuf
  2295 | D:3      | Reached XP level 5. HP: 47/47 MP: 4/4
  2524 | D:4      | Reached skill level 5 in Axes
  2524 | D:4      | Reached XP level 6. HP: 54/55 MP: 5/5
  2658 | D:4      | Reached skill level 5 in Fighting
  2755 | D:5      | Entered Level 5 of the Dungeon
  2826 | D:5      | Reached skill level 5 in Armour
  2834 | D:5      | Reached skill level 6 in Axes
  3012 | D:5      | Found a shattered altar of Ashenzari.
  3022 | D:5      | Reached XP level 7. HP: 52/61 MP: 6/6
  3177 | D:5      | Reached skill level 5 in Shields
  3343 | D:5      | Found a shadowy altar of Dithmenos.
  3758 | D:7      | Found a bloodstained altar of Trog.
  3847 | D:7      | Reached skill level 7 in Axes
  3847 | D:7      | Reached skill level 1 in Maces & Flails
  3889 | D:7      | Found a staircase to the Ecumenical Temple.
  3893 | D:7      | Noticed a hungry ghost
  3899 | Temple   | Entered the Ecumenical Temple
  3928 | Temple   | HP: 2/62 [orc warrior/battleaxe (10)]
  3929 | Temple   | Mangled by an orc warrior

Vault maps used:
D:1:      onia_arrival_pyramid, minmay_misc_feat_roman, corexii_hall_statues_l
D:3:      fiery_altar_vehumet, uniq_crazy_yiuf_cottage
D:5:      grunt_dithmenos_shadows, first_ration, minmay_misc_feat_tiny,
          evilmike_ruin_ashenzari
D:6:      lemuel_crystal_altar
D:7:      temple_fountains, basic_altar, nicolae_ossuary_entry_monument
Temple:   oiseaux_autumnal_temple

Skill      XL: |  1  2  3  4  5  6  7 |
---------------+----------------------+-----
Armour         | 4 5 |  5.6
Shields        | 4 5 |  5.4
Fighting       | 4 5 |  5.8
Axes           | 3 4 5 6 7 |  7.1
Dodging        | 1 2 |  2.3
Maces & Flails | 1 |  1.7
Stealth        | |  0.1

Action                   |  1- 3 |  4- 6 |  7- 9 || total
-------------------------+-------+-------+-------++-------
Melee: War axe           |   114 |   116 |    42 ||   272
       Headbutt          |     7 |    11 |    18 ||    36
       Whip              |       |       |    25 ||    25
  Use: Potion            |       |       |     6 ||     6
       Scroll            |       |       |     2 ||     2
  Eat: Chunk             |     2 |     5 |     3 ||    10
Armor: Scale mail        |    67 |    43 |    27 ||   137
Dodge: Dodged            |    40 |    52 |    51 ||   143
Block: Shield            |    77 |    49 |    50 ||   176

Table legend:
 A = Spawn XP
 B = Non-spawn XP
 C = Spawn XP percentage of total XP
 D = Spawn monster count
 E = Non-spawn monster count
 F = Spawn count percentage of total count
 G = Total turns spent on level
                    A         B        C        D         E        F      G
               +---------+---------+-------+---------+---------+-------+---------
         Total |       0 |    1325 |   0.0 |       0 |     105 |   0.0 |  3929
               +---------+---------+-------+---------+---------+-------+---------
           D:1 |       0 |      39 |   0.0 |       0 |      24 |   0.0 |   809
           D:2 |       0 |      52 |   0.0 |       0 |      16 |   0.0 |   616
           D:3 |       0 |     133 |   0.0 |       0 |      24 |   0.0 |   936
           D:4 |       0 |     290 |   0.0 |       0 |      10 |   0.0 |   426
           D:5 |       0 |     492 |   0.0 |       0 |      21 |   0.0 |   947
           D:6 |       0 |       3 |   0.0 |       0 |       1 |   0.0 |    19
           D:7 |       0 |     210 |   0.0 |       0 |       6 |   0.0 |   151
        Temple |       0 |     106 |   0.0 |       0 |       3 |   0.0 |    25
               +---------+---------+-------+---------+---------+-------+---------
